 Dungeon Crawl Stone Soup version 0.29-a0-557-g43b9904bd1 (webtiles) character file.

Game seed: 16801971093139359840

7 happo123 the Sneak (level 1, 0/13 HPs)
             Began as a Vampire Enchanter on June 9, 2022.
             Slain by a ball python (2 damage)
             ... on level 1 of the Dungeon.
             The game lasted 00:00:34 (82 turns).

happo123 the Sneak (Vampire Enchanter)                Turns: 82, Time: 00:00:35

Health: 0/13       AC:  2    Str:  7    XL:     1   Next: 83%
Magic:  3/3        EV:  9    Int: 17    God:
Gold:   0          SH:  0    Dex: 14    Spells: 4/4 levels left

rFire   . . .      SeeInvis +   a - +1 dagger
rCold   . . .      Faith    .   (no shield)
rNeg    . . .      Spirit   .   b - +0 robe
rPois   .          Reflect  .   (no helmet)
rElec   .          Harm     .   (no cloak)
rCorr   .          Rampage  .   (no gloves)
Will    .....                   (no boots)
Stlth   +++.......              (no amulet)
HPRegen 0.24/turn               (no ring)
MPRegen 0.08/turn               (no ring)

@: healing quickly, constricted
A: alive, fangs 3, see invisible, vampiric 1
a: Exsanguinate


You were on level 1 of the Dungeon.
You visited 1 branch of the dungeon, and saw 1 of its levels.

Inventory:

Hand Weapons
 a - a +1 dagger (weapon)
Armour
 b - a +0 robe (worn)
Potions
 c - 2 potions of invisibility


   Skills:
 + Level 0.1 Fighting
 + Level 1.2 Short Blades
 + Level 2.2 Dodging
 * Level 4.6 Stealth
 + Level 2.0 Spellcasting
 * Level 4.6 Hexes


You had 4 spell levels left.
You didn't know any spells.
Your spell library contained the following spells:

 Spells                   Type           Power      Damage    Failure   Level
 Confusing Touch          Hex            17%        N/A       9%          3
 Tukima's Dance           Hex            17%        N/A       9%          3
 Ensorcelled Hibernation  Hex/Ice        18%        N/A       12%         2
 Dazzling Flash           Conj/Hex       18%        N/A       22%         3


Dungeon Overview and Level Annotations

Branches:
Dungeon (1/15)

Altars:


Innate Abilities, Weirdness & Mutations

Your natural rate of healing is accelerated.
You have razor-sharp teeth.
You have supernaturally acute eyesight. (SInv)
You are afflicted with vampirism.


Message History

You kill the quokka!
The rat bites you.
You closely miss the rat. You bite the rat.
You kill the rat!
There is an open door here.
You start resting.
HP restored.
There is an open door here.
A hobgoblin comes into view.
The hobgoblin shouts!
The ball python hisses angrily.
Found a scale mail.
The hobgoblin hits you. The hobgoblin barely misses you.
The ball python barely misses you. The ball python grabs you.
The ball python constricts you.
You see here a +0 robe.
You hit the hobgoblin.
You kill the hobgoblin!
The ball python bites you but does no damage.
The ball python constricts you.
You escape the ball python's grasp.
The kobold barely misses you.
You completely miss the kobold. The kobold hits you with a +0 whip.
The ball python barely misses you. The ball python closely misses you.
You hit the kobold.
The kobold is heavily wounded.
The ball python closely misses you. x2; The kobold hits you with a +0 whip.
* * * LOW HITPOINT WARNING * * *
You hit the kobold.
You kill the kobold!
The ball python bites you.
* * * LOW HITPOINT WARNING * * *
The ball python misses you. The ball python barely misses you.
The ball python closely misses you.
Things that are here:
a +0 whip; a kobold corpse The ball python bites you but does no damage.
The ball python grabs you. The ball python constricts you.
* * * LOW HITPOINT WARNING * * *
You hit the ball python.
The ball python is moderately wounded.
The ball python bites you.
You die...

# ......
################......
.....................
...................#
######...#######...#####
.....+...'..............
#.####...#..............
#.# #†..#.............#
#.####...#.....S@......#
#....'...#......)......#
######...#.............#
+...#.#[..#+#+#####
#...#.....# +...+..#..#
#...##.#[. #...## ###
#####


You could see a ball python.

Vanquished Creatures
  2 hobgoblins (D:1)
  A kobold (D:1)
  A quokka (D:1)
  A frilled lizard (D:1)
  A rat (D:1)
6 creatures vanquished.

Notes
Turn   | Place    | Note
-------+----------+-------------------------------------------
     0 | D:1      | happo123 the Vampire Enchanter began the quest for the Orb.
     0 | D:1      | Reached XP level 1. HP: 13/13 MP: 3/3
    82 | D:1      | Slain by a ball python

Illustrated notes

Levels and vault maps discovered:
D:1:      saegor_arrival_simple_a, layout_basic

Action                   || total
-------------------------++-------
Melee: Dagger            ||    13
       Bite              ||     2
Armor: Robe              ||     2
Dodge: Dodged            ||    15

Table legend: (Time is in decaauts)
 A = Elapsed time spent in this place.
 B = Non-inter-level travel time spent in this place.
 C = Inter-level travel time spent in this place.
 D = Time resting spent in this place.
 E = Time spent auto-exploring this place.
 F = Levels seen in this place.
 G = Mean time per level.
                   A        B        C        D        E       F      G
               +--------+--------+--------+--------+--------+-----+--------+
         Total |     81 |     78 |      3 |     19 |     17 |   1 |   81.0 |
       Dungeon |     81 |     78 |      3 |     19 |     17 |   1 |   81.0 |
               +--------+--------+--------+--------+--------+-----+--------+

Top non-repeatable levels by time:
     D:1: 81 daAuts
